 Dungeon Crawl Stone Soup version 0.31-a0-455-g1a7b003ef0 (webtiles) character file.

Game seed: 5396567013305667077

186 promet the Digger (level 5, -2/29 HPs)
             Began as a Deep Elf Earth Elementalist on Aug 3, 2023.
             Succumbed to a water moccasin's poison
             ... on level 4 of the Dungeon.
             The game lasted 00:18:10 (5184 turns).

promet the Digger (Deep Elf Earth Elementalist)     Turns: 5184, Time: 00:18:10

Health: -2/29      AC:  3    Str:  7    XL:     5   Next: 38%
Magic:  2/13       EV: 12    Int: 20    God:
Gold:   110        SH:  0    Dex: 15    Spells: 7/13 levels left

rFire   . . .        a - +0 rapier
rCold   . . .        (no shield)
rNeg    . . .        d - +0 leather armour
rPois   .            (no helmet)
rElec   .            (no cloak)
rCorr   .            (no gloves)
SInv    .            (no boots)
Will    .....        k - amulet of regeneration
Stlth   ++           (no ring)
HPRegen 1.04/turn    (no ring)
MPRegen 0.13/turn

%: no passive effects
@: lethally poisoned (-2 -> -23), very slightly contaminated
A: no striking features
a: no special abilities


You were on level 4 of the Dungeon.
You visited 1 branch of the dungeon, and saw 4 of its levels.

You collected 236 gold pieces.
You spent 126 gold pieces at shops.

Inventory:

Hand Weapons
 a - a +0 rapier (weapon)
Missiles
 c - 32 stones
 h - a throwing net
 n - 2 javelins
 o - 3 poisoned darts (quivered)
Armour
 d - a +0 leather armour (worn)
Jewellery
 k - an amulet of regeneration (around neck)
 l - a ring of fire
 p - a ring of see invisible
Wands
 e - a wand of flame (15)
Scrolls
 f - a scroll of blinking
 g - a scroll of fog
 q - a scroll of poison
 r - a scroll of teleportation
Potions
 b - a potion of magic
 i - a potion of enlightenment
 j - a potion of ambrosia
 m - a potion of attraction
 t - a potion of resistance


   Skills:
 * Level 1.6 Fighting
 + Level 0.3 Short Blades
 + Level 1.2 Armour
 + Level 2.5 Dodging
 + Level 3.0 Stealth
 + Level 4.5 Spellcasting
 + Level 1.1 Transmutations
 + Level 4.7 Earth Magic


You had 7 spell levels left.
You knew the following spells:

 Your Spells              Type           Power      Damage    Failure   Level
a - Sandblast             Erth           46%        2d11      2%          1
b - Passwall              Tmut/Erth      13%        N/A       9%          2
c - Stone Arrow           Conj/Erth      26%        3d8       21%         3

Your spell library contained the following spells:

 Spells                   Type           Power      Damage    Failure   Level
 Petrify                  Tmut/Erth      16%        N/A       47%         4


Dungeon Overview and Level Annotations

Branches:
Dungeon (4/15)
 Temple: D:4-7

Altars:

Shops:
D:4 ?**(


Message History

The water moccasin is heavily wounded.
Casting: Stone Arrow (quite dangerous; 21% risk of failure)
Confirm with . or Enter, or press ? or * to list all spells.
The spell is quite dangerous to miscast (21% risk of failure)!
Continue anyway?
Aiming: Stone Arrow (quite dangerous; 21% risk of failure)
Press: ? - help, Shift-Dir - straight line, f/p - water moccasin
Aim: a water moccasin (heavily wounded, 48% to hit)
You miscast Stone Arrow.
Nothing appears to happen.
The water moccasin closely misses you. The water moccasin bites you.
Casting: Stone Arrow (quite dangerous; 21% risk of failure)
Confirm with . or Enter, or press ? or * to list all spells.
The spell is quite dangerous to miscast (21% risk of failure)!
Continue anyway?
Aiming: Stone Arrow (quite dangerous; 21% risk of failure)
Press: ? - help, Shift-Dir - straight line, f/p - water moccasin
Aim: a water moccasin (heavily wounded, 48% to hit)
The stone arrow hits the water moccasin!
The water moccasin is severely wounded.
The water moccasin bites you.
You are poisoned.
The water moccasin poisons you!
You barely miss the water moccasin.
The water moccasin is severely wounded.
You feel very sick. The water moccasin barely misses you.
The water moccasin bites you.
You closely miss the water moccasin.
The water moccasin is severely wounded.
You feel very sick. The water moccasin bites you.
You are lethally poisoned!
The water moccasin poisons you!
You hit the water moccasin.
The water moccasin is almost dead.
You feel very sick. The water moccasin barely misses you.
The water moccasin bites you.
* * * LOW HITPOINT WARNING * * *
You are more poisoned.
The water moccasin poisons you!
You hit the water moccasin.
You kill the water moccasin!
You die...

*,* *,* # *,* #.###* # *,* #....*
# *,* #....* ##########
*,*******###....### #.........
*,,,,,,,,.........# #.########
*********#........######.########
#.#...†.................
#.#,#*#@.######.#######.
**######.#.# #..# #.# #.
***,,......#.###..# #.# #.
,,,,,,,...........######.# #.
***,*,**#..#.###.........# #.
*,,,* #..#** ########### #. *****
#..# #. #..# ##### #.
#..####..<##############.


There were no monsters in sight!

Vanquished Creatures
  A water moccasin (D:4)
  Robin (D:4)
  7 adders
  3 gnolls (D:4)
  An ufetubus (D:3)
  A worm (D:4)
  A dart slug (D:2)
  An orc (D:3)
  4 endoplasms
  4 giant cockroaches
  10 hobgoblins
  A quokka (D:3)
  9 ball pythons
  7 bats
  2 frilled lizards (D:2)
  12 goblins
  7 kobolds
  5 rats
77 creatures vanquished.

Notes
Turn   | Place    | Note
-------+----------+-------------------------------------------
     0 | D:1      | promet the Deep Elf Earth Elementalist began the quest for
                  | the Orb.
     0 | D:1      | Reached XP level 1. HP: 10/10 MP: 6/6
   353 | D:1      | Reached XP level 2. HP: 15/15 MP: 6/8
   701 | D:1      | Learned a level 2 spell: Passwall
  1434 | D:2      | Reached XP level 3. HP: 19/19 MP: 8/10
  2075 | D:2      | Reached XP level 4. HP: 24/24 MP: 9/11
  2488 | D:3      | Reached skill level 1 in Fighting
  2611 | D:3      | Learned a level 3 spell: Stone Arrow
  3687 | D:4      | Found Paulet's Magic Scroll Shoppe.
  3698 | D:4      | Bought a scroll of teleportation for 36 gold pieces
  3698 | D:4      | Bought a scroll of blinking for 90 gold pieces
  3852 | D:4      | Noticed a water moccasin
  4217 | D:4      | Reached XP level 5. HP: 8/29 MP: 10/13
  4570 | D:4      | Reached skill level 1 in Armour
  4594 | D:4      | Found Soimnab's Assorted Antiques.
  4610 | D:4      | Found Omiry's Assorted Antiques.
  4727 | D:4      | Noticed Robin
  4731 | D:4      | Killed Robin
  5008 | D:4      | Found Ulufaizu's Antique Weapon Emporium.
  5184 | D:4      | Killed a water moccasin
  5184 | D:4      | Succumbed to a water moccasin's poison

Illustrated notes

Levels and vault maps discovered:
D:1:      tarquinn_simple_flora_water_b, layout_loops_corners
D:2:      layout_rooms, serial_corexii_hall, corexii_hall_statues_i,
          corexii_hall_statues_deadend
D:3:      layout_basic, amethyst_killhole, st_stairs_3, saegor_snake_ambush
D:4:      layout_basic, serial_shops, shop, nicolae_shop_dealshenge, shop_coins,
          nicolae_shop_trees, uniq_duvessa, uniq_robin

Skill      XL: |  1  2  3  4  5 |
---------------+----------------+-----
Earth Magic    | 4 |  4.7
Spellcasting   | 4 |  4.5
Fighting       | 1 |  1.6
Stealth        | 3 |  3.0
Armour         | 1 |  1.2
Short Blades   | |  0.3
Dodging        | |  2.5
Transmutations | |  1.1

Action                     |  1- 3 |  4- 6 || total
---------------------------+-------+-------++-------
  Melee: Dagger            |     5 |       ||     5
         Rapier            |    21 |    28 ||    49
         Short sword       |     2 |       ||     2
  Throw: Dart              |       |     3 ||     3
   Cast: Sandblast         |    35 |    36 ||    71
         Stone Arrow       |       |    10 ||    10
    Use: Scroll            |     1 |     8 ||     9
         Potion            |       |     2 ||     2
   Stab: Sleeping          |     2 |     2 ||     4
 Armour: Leather armour    |     8 |     6 ||    14
         Robe              |     2 |       ||     2
  Dodge: Dodged            |    17 |    21 ||    38

Table legend: (Time is in decaauts)
 A = Elapsed time spent in this place.
 B = Non-inter-level travel time spent in this place.
 C = Inter-level travel time spent in this place.
 D = Time resting spent in this place.
 E = Time spent auto-exploring this place.
 F = Levels seen in this place.
 G = Mean time per level.
                   A        B        C        D        E       F      G
               +--------+--------+--------+--------+--------+-----+--------+
         Total |   5248 |   5105 |    143 |   2186 |   1925 |   4 | 1312.0 |
       Dungeon |   5248 |   5105 |    143 |   2186 |   1925 |   4 | 1312.0 |
               +--------+--------+--------+--------+--------+-----+--------+

Top non-repeatable levels by time:
     D:3: 2035 daAuts
     D:1: 1345 daAuts
     D:4: 1044 daAuts
     D:2: 822 daAuts
